[Event "Titled Tuesday Blitz March 14 Early 2023"]
[White "Garakov, Mikhael"]
[Black "Ruge, Edison"]
[WhiteFideId "4169034"]
[BlackFideId "4401000"]
[WhiteElo "2347"]
[BlackElo "2175"]
[Result "1-0"]
[Round "02"]
[TimeControl "180+2"]
[Date "2023.03.14"]
[WhiteClock "0:00:12"]
[BlackClock "0:00:01"]

1. e4 e5 2. Nf3 Nc6 3. Bb5 f5 4. Nc3 fxe4 5. Nxe4 Nf6 6. Qe2 d5 7. Nxf6+ gxf6 8. d4 Bg7 9. dxe5 O-O 10. Bxc6 bxc6 11. e6 Re8 12. O-O Rxe6 13. Qd3 Qe8 14. Nd4 Re4 15. f3 Re1 16. Bd2 Rxa1 17. Rxa1 c5 18. Nb5 Qf7 19. Nxc7 Rb8 20. Nxd5 Be6 21. Nf4 Bc4 22. Qd6 Rxb2 23. Re1 Bf8 24. Qd8 Rxc2 25. h4 Rxd2 26. Qxd2 Qc7 27. Nd5 Bxd5 28. Qxd5+ Kg7 29. Re4 h5 30. Qxh5 c4 31. Rg4# 1-0


[Site "https://www.chess.com"]

[Event "Titled Tuesday Blitz March 14 Early 2023"]
[White "Sanchez, Robert"]
[Black "Janaszak, Dawid"]
[WhiteFideId "2034360"]
[BlackFideId "1119206"]
[WhiteElo "2245"]
[BlackElo "2220"]
[Result "0-1"]
[Round "02"]
[TimeControl "180+2"]
[Date "2023.03.14"]
[WhiteClock "0:00:20"]
[BlackClock "0:00:18"]

1. e4 e6 2. d4 d5 3. Nc3 Nf6 4. e5 Ng8 5. f4 c5 6. Nf3 Nc6 7. Be3 Nh6 8. Bd3 c4 9. Be2 Nf5 10. Bf2 Qb6 11. Rb1 Be7 12. O-O Bd7 13. g4 Nh6 14. h3 O-O 15. Qd2 Qa5 16. a3 Kh8 17. Kh1 b5 18. Qe3 b4 19. axb4 Nxb4 20. Rbc1 f6 21. exf6 Bxf6 22. Ne5 Bxe5 23. fxe5 Ng8 24. Be1 Rxf1+ 25. Bxf1 Rf8 26. Bd2 Nxc2 27. Rxc2 Rxf1+ 28. Kg2 Qa1 29. Bc1 Rf8 30. Qg5 h6 31. Qh4 Qa5 32. g5 Qd8 33. Qg3 Qe8 34. gxh6 Nxh6 35. Bxh6 gxh6 36. Kh2 Rg8 37. Qf4 Qg6 38. Qf2 Be8 39. Nd1 Qg7 40. Ne3 Bg6 41. Rd2 h5 42. Qh4 Qh6 43. Qf6+ Kh7 44. Re2 Bd3 45. Qxh6+ Kxh6 46. Rf2 Rb8 47. Ng2 Bf5 48. Nh4 Kg5 49. Kg3 Rb3+ 50. Nf3+ Kh6 51. h4 Be4 52. Kf4 Rxf3+ 53. Rxf3 Bxf3 54. Kxf3 Kh7 55. Kf4 Kg6 0-1


[Site "https://www.chess.com"]

[Event "Titled Tuesday Blitz March 14 Early 2023"]
[White "Sai Han Thiha"]
[Black "Martin, Lewis"]
[WhiteFideId "13012290"]
[BlackFideId "410551"]
[WhiteElo "1954"]
[BlackElo "2145"]
[Result "0-1"]
[Round "02"]
[TimeControl "180+2"]
[Date "2023.03.14"]
[WhiteClock "0:00:06"]
[BlackClock "0:00:06"]

1. d4 d5 2. c4 c6 3. cxd5 cxd5 4. Nc3 Nf6 5. Bf4 a6 6. e3 Nc6 7. Nf3 e6 8. Bd3 Bd6 9. Bxd6 Qxd6 10. O-O O-O 11. Rc1 b5 12. a4 b4 13. Nb1 Bd7 14. Nbd2 Rfc8 15. Qe2 a5 16. Nb3 Ne4 17. Bxe4 dxe4 18. Nfd2 f5 19. Nc4 Qd5 20. Nc5 Rab8 21. b3 Ne7 22. Ne5 Be8 23. Rc4 Qd6 24. Rfc1 Nd5 25. Nxe4 Rxc4 26. Nxc4 Qa6 27. Nc5 Qa7 28. h3 Nc3 29. Qf3 Bf7 30. Ne5 Rc8 31. Re1 Qe7 32. e4 Rxc5 33. dxc5 fxe4 34. Qxf7+ Qxf7 35. Nxf7 Kxf7 36. f3 Ke7 37. fxe4 Kd7 38. e5 Kc6 39. Rf1 Kxc5 40. Rf7 Ne2+ 41. Kf2 Nd4 42. Rxg7 Nxb3 43. Rxh7 Kd4 44. Rd7+ Kxe5 45. h4 Nc5 46. Rc7 Nxa4 47. h5 b3 48. h6 b2 49. h7 b1=Q 50. h8=Q+ Kd6 51. Qd8+ Ke5 52. Qg5+ Kd6 53. Qg3+ e5 54. Rg7 Qf5+ 55. Kg1 Nc5 56. Kh2 Ne6 57. Rg6 a4 58. Qg4 Qf7 59. Rg8 Qh7+ 60. Kg1 Qb1+ 61. Kf2 a3 62. Kg3 Qd3+ 63. Kh2 a2 64. Rg6 Qxg6 65. Qxg6 a1=Q 66. Qg3 Qd4 67. Qa3+ Nc5 68. g3 Kd5 69. Qa2+ Qc4 70. Qa8+ Kd4 71. Qd8+ Qd5 72. Qh4+ e4 73. Qh8+ Qe5 74. Qd8+ Ke3 75. Qd1 Nd3 76. Qg1+ Nf2 77. Kg2 Qf5 78. Qe1+ Kd3 79. Qxf2 Qxf2+ 80. Kxf2 Kd2 81. g4 e3+ 82. Kf3 e2 83. g5 e1=Q 84. Kf4 Qe6 85. g6 Qxg6 0-1


[Site "https://www.chess.com"]

[Event "Titled Tuesday Blitz March 14 Early 2023"]
[White "Kowalysko, Roman"]
[Black "Kozin, Yuri"]
[WhiteFideId "30918510"]
[BlackFideId "4129920"]
[WhiteElo "2241"]
[BlackElo "2527"]
[Result "0-1"]
[Round "02"]
[TimeControl "180+2"]
[Date "2023.03.14"]
[WhiteClock "0:00:13"]
[BlackClock "0:00:17"]

1. Nc3 c5 2. e4 e6 3. Nf3 a6 4. d4 cxd4 5. Nxd4 Qc7 6. Qf3 Nc6 7. Nxc6 dxc6 8. Qg3 e5 9. Bg5 Nf6 10. Bxf6 gxf6 11. O-O-O Be6 12. Be2 Bb4 13. Qh4 Bxc3 14. bxc3 Ke7 15. Bg4 Bxa2 16. Rd7+ Qxd7 17. Bxd7 Kxd7 18. Qxf6 Rae8 19. Rd1+ Kc7 20. Qd6+ Kb6 21. Kb2 Be6 22. Qxe5 Rhg8 23. Qd4+ Kc7 24. Qd6+ Kc8 25. g3 Rd8 26. Qe7 Rxd1 27. f4 Rd2 28. f5 Bc4 29. f6 Rgd8 30. Qe5 Rxh2 31. Qf4 Be6 32. e5 Rdd2 33. Ka3 Rxc2 34. Kb4 Rb2+ 35. Kc5 Kc7 36. c4 b6+ 37. Kd4 Rbd2+ 38. Ke3 Rhe2+ 39. Kf3 Rf2+ 40. Ke4 Rxf4+ 41. gxf4 c5 42. f5 Rd4+ 43. Ke3 Bxf5 44. e6 Bxe6 45. Ke2 Rxc4 46. Kd3 Rf4 47. Ke3 Rxf6 48. Ke4 Rf5 49. Ke3 h5 50. Kd3 h4 51. Ke3 h3 52. Ke2 h2 53. Ke3 h1=Q 54. Ke2 Qf3+ 55. Kd2 Rd5+ 56. Kc2 Qd3+ 57. Kb2 Qd2+ 58. Ka3 Rd3+ 59. Ka4 Qa2# 0-1


[Site "https://www.chess.com"]

[Event "Titled Tuesday Blitz March 14 Early 2023"]
[White "Turzo, Attila"]
[Black "Rodriguez Santiago, Jaime"]
[WhiteFideId "704954"]
[BlackFideId "3100898"]
[WhiteElo "2526"]
[BlackElo "2025"]
[Result "1-0"]
[Round "02"]
[TimeControl "180+2"]
[Date "2023.03.14"]
[WhiteClock "0:01:08"]
[BlackClock "0:00:37"]

1. e4 c6 2. d4 d5 3. exd5 cxd5 4. Bd3 Nc6 5. c3 Qc7 6. h3 g6 7. Nf3 Bf5 8. Be2 Nf6 9. O-O Bg7 10. Re1 O-O 11. Be3 Ne4 12. Nbd2 e5 13. Nxe5 Nxe5 14. dxe5 Bxe5 15. Nf3 Bg7 16. Qxd5 Rfd8 17. Qb3 b6 18. Nd4 Bc8 19. Rad1 Bb7 20. Bf3 h6 21. Ne6 Rxd1 22. Rxd1 fxe6 23. Bxe4 Bxe4 24. Qxe6+ Kh7 25. Qxe4 Rf8 26. Rd5 Rf7 27. h4 Re7 28. Qd3 1-0


[Site "https://www.chess.com"]

[Event "Titled Tuesday Blitz March 14 Early 2023"]
[White "Chakravarthi Reddy, M"]
[Black "Escano Dionicio, Porfirio Simeon"]
[WhiteFideId "25009532"]
[BlackFideId "6406181"]
[WhiteElo "2201"]
[BlackElo "1968"]
[Result "0-1"]
[Round "02"]
[TimeControl "180+2"]
[Date "2023.03.14"]
[WhiteClock "0:00:24"]
[BlackClock "0:00:27"]

1. c4 Nf6 2. Nc3 g6 3. d4 Bg7 4. e4 d6 5. Be2 O-O 6. Be3 Nbd7 7. h3 c5 8. Nf3 cxd4 9. Nxd4 Re8 10. O-O b6 11. Qd2 Bb7 12. f3 a6 13. Nd5 Rc8 14. b3 e6 15. Nxf6+ Bxf6 16. Rad1 Qc7 17. Kh1 h5 18. Bg5 Bg7 19. Bh6 Rcd8 20. Qg5 Qc5 21. Qe3 Nf8 22. Bxg7 Kxg7 23. Qc3 e5 24. Nc2 Ne6 25. g3 h4 26. f4 hxg3 27. Rd5 Bxd5 28. exd5 Nd4 29. Bd3 Nxc2 30. Bxc2 Qd4 31. Qxg3 exf4 32. Rxf4 Qa1+ 33. Kg2 Re2+ 34. Rf2 Qe1 35. Qf3 Qxf2+ 36. Qxf2 Rxf2+ 37. Kxf2 f5 38. b4 a5 39. a3 axb4 40. axb4 Kf6 41. Ke3 Ke5 42. Kf3 Rh8 43. Kg2 Ra8 0-1


[Site "https://www.chess.com"]

[Event "Titled Tuesday Blitz March 14 Early 2023"]
[White "Phillips, Rene"]
[Black "Wartiovaara, Oliver"]
[WhiteFideId "2056275"]
[BlackFideId "513024"]
[WhiteElo "2212"]
[BlackElo "2214"]
[Result "0-1"]
[Round "02"]
[TimeControl "180+2"]
[Date "2023.03.14"]
[WhiteClock "0:00:12"]
[BlackClock "0:00:30"]

1. Nf3 d5 2. d4 Bf5 3. Bf4 Nf6 4. e3 e6 5. Be2 Be7 6. O-O Ne4 7. c4 g5 8. Be5 f6 9. Bg3 h5 10. Qa4+ Qd7 11. Qxd7+ Kxd7 12. h3 Nxg3 13. fxg3 dxc4 14. Bxc4 Bd6 15. Kf2 g4 16. Ng1 c5 17. Bb5+ Nc6 18. Nc3 cxd4 19. exd4 a6 20. Bxc6+ bxc6 21. Rac1 Rab8 22. Na4 Rb4 23. b3 Rxd4 24. Rfd1 Rxd1 25. Rxd1 Kc7 26. h4 Be4 27. Ne2 Bd5 28. Nf4 Bxf4 29. gxf4 g3+ 30. Kg1 Rg8 31. Nc5 Rg4 32. Nxa6+ Kb6 33. Nb8 Rxf4 34. Rd3 Rxh4 35. Rxg3 Rg4 36. Rxg4 hxg4 37. Nd7+ Ka5 38. Nxf6 g3 39. Nh5 Kb4 40. Nxg3 Ka3 41. Nf1 Kxa2 42. g4 Kxb3 43. g5 e5 44. g6 c5 45. Kf2 c4 46. g7 c3 47. Ne3 Bg8 48. Ke2 e4 49. Nd1 c2 50. Kd2 cxd1=Q+ 51. Kxd1 Kc3 52. Ke2 Kd4 53. Kf2 Kd3 54. Kg3 e3 0-1


[Site "https://www.chess.com"]

[Event "Titled Tuesday Blitz March 14 Early 2023"]
[White "Ardila, Oscar Humberto"]
[Black "Kopczynski, Michal"]
[WhiteFideId "4404742"]
[BlackFideId "1124200"]
[WhiteElo "1911"]
[BlackElo "2212"]
[Result "0-1"]
[Round "02"]
[TimeControl "180+2"]
[Date "2023.03.14"]
[WhiteClock "0:00:15"]
[BlackClock "0:01:06"]

1. d4 Nf6 2. Nf3 g6 3. c4 Bg7 4. Nc3 d6 5. e3 O-O 6. Be2 Nfd7 7. O-O Nc6 8. Qc2 e5 9. dxe5 Ndxe5 10. Nxe5 Nxe5 11. Rd1 Be6 12. b3 Qh4 13. Bb2 Rae8 14. Nd5 c6 15. Nc7 Bf5 16. Qd2 Rd8 17. g3 Qh3 18. f4 Be4 19. Bh5 Nd3 20. Bxg7 Kxg7 21. Qe2 Qxh5 22. Qxh5 gxh5 23. Rd2 Rd7 24. Rad1 Rxc7 25. Rxd3 Bxd3 26. Rxd3 Rd8 27. Kf2 Kf6 28. Kf3 d5 29. c5 Re7 30. b4 Rde8 31. a3 Re4 32. Rb3 d4 33. exd4 Rxd4 34. h3 Rd1 35. g4 hxg4+ 36. hxg4 Ree1 37. Kg3 Rg1+ 38. Kh3 Rd4 39. Rf3 Rgd1 40. Rf2 R1d3+ 41. Kh4 Rxa3 42. Re2 Rxf4 43. Rd2 Rxb4 44. Rd6+ Ke7 45. Kg5 Raa4 0-1


[Site "https://www.chess.com"]

[Event "Titled Tuesday Blitz March 14 Early 2023"]
[White "Baghdasaryan, Vahe"]
[Black "Quirke, Jeffrey"]
[WhiteFideId "13303139"]
[BlackFideId "2013029"]
[WhiteElo "2216"]
[BlackElo "2203"]
[Result "1-0"]
[Round "02"]
[TimeControl "180+2"]
[Date "2023.03.14"]
[WhiteClock "0:00:12"]
[BlackClock "0:00:06"]

1. e4 Nf6 2. e5 Nd5 3. c4 Nb6 4. c5 Nd5 5. Bc4 c6 6. Nc3 e6 7. Ne4 Be7 8. d4 O-O 9. Ne2 b6 10. O-O Ba6 11. Bxa6 Nxa6 12. Qd3 Nac7 13. f4 f5 14. exf6 Nxf6 15. N2g3 Ncd5 16. f5 exf5 17. Nxf5 Nxe4 18. Qxe4 bxc5 19. Bh6 Bf6 20. Qg4 Rf7 21. Rae1 Kh8 22. Nxg7 Rxg7 23. Bxg7+ Bxg7 24. dxc5 Qg8 25. Qxd7 Bxb2 26. Rf7 Bd4+ 27. Kh1 Rf8 28. Ref1 Rxf7 29. Rxf7 Bg7 30. Qf5 Nf6 31. Rxf6 Bxf6 32. Qxf6+ Qg7 33. Qd8+ Qg8 34. Qxg8+ Kxg8 35. g4 Kf7 36. Kg2 Ke6 37. h4 Kd5 38. h5 Kxc5 39. g5 Kd5 40. g6 hxg6 41. h6 1-0


[Site "https://www.chess.com"]

[Event "Titled Tuesday Blitz March 14 Early 2023"]
[White "Fabris, Alberto"]
[Black "Buksa, Nataliya"]
[WhiteFideId "801348"]
[BlackFideId "14123622"]
[WhiteElo "2182"]
[BlackElo "2316"]
[Result "0-1"]
[Round "02"]
[TimeControl "180+2"]
[Date "2023.03.14"]
[WhiteClock "0:00:01"]
[BlackClock "0:00:09"]

1. e4 c5 2. Nf3 a6 3. c4 Nc6 4. d4 cxd4 5. Nxd4 e5 6. Nc2 Nf6 7. Nc3 Bc5 8. Be2 h6 9. O-O d6 10. Be3 O-O 11. a3 a5 12. Kh1 a4 13. Bxc5 dxc5 14. Ne3 Nd4 15. Rc1 Qb6 16. Rb1 Rd8 17. Ned5 Nxd5 18. Nxd5 Qb3 19. Qxb3 Nxb3 20. Rbd1 Be6 21. Rd3 Nd4 22. Bd1 Bxd5 23. cxd5 b5 24. f4 f6 25. Bg4 b4 26. Rc1 Ra5 27. g3 f5 28. Bxf5 Nxf5 29. exf5 e4 30. Re3 Rxd5 31. Rxe4 Rxf5 32. Kg2 Rb5 33. Rec4 bxa3 34. bxa3 Rb2+ 35. R1c2 Rb3 36. Rxa4 Rd5 37. Ra5 h5 38. Raxc5 Rdd3 39. a4 Ra3 40. a5 h4 41. gxh4 Rf3 42. f5 Rf4 43. h5 Rg4+ 44. Kf2 Rh4 45. Kg2 Rg4+ 46. Kf2 Rh4 47. Kg2 Rxh5 48. Rc8+ Kh7 49. f6 Rg5+ 50. Kf2 Rf5+ 51. Kg2 Rxf6 52. R8c6 Rxa5 0-1


[Site "https://www.chess.com"]

[Event "Titled Tuesday Blitz March 14 Early 2023"]
[White "Kiseleva, Arina"]
[Black "Horak, Martin"]
[WhiteFideId "4164989"]
[BlackFideId "367095"]
[WhiteElo "1756"]
[BlackElo "2091"]
[Result "1-0"]
[Round "02"]
[TimeControl "180+2"]
[Date "2023.03.14"]
[WhiteClock "0:00:06"]
[BlackClock "0:00:04"]

1. d4 Nf6 2. Nf3 c5 3. e3 e6 4. Bd3 b6 5. Nbd2 Bb7 6. b3 Be7 7. O-O O-O 8. Bb2 Nc6 9. a3 a5 10. dxc5 bxc5 11. e4 d6 12. e5 dxe5 13. Nxe5 Nd4 14. Ng4 Nxg4 15. Qxg4 Bf6 16. Ne4 Bxe4 17. Qxe4 g6 18. Rab1 Qd6 19. Rfd1 Rad8 20. Bc4 Qe5 21. Qxe5 Bxe5 22. Rbc1 Nf3+ 23. gxf3 Bxb2 24. Rxd8 Rxd8 25. Rb1 Bxa3 26. Ra1 Bb4 27. Bd3 Kg7 28. Kf1 Kf6 29. Ke2 Rd4 30. Ke3 Rh4 31. Rc1 Bc3 32. h3 Rxh3 33. Be4 Rh4 34. Kd3 Be5 35. c3 Bf4 36. Ra1 Rh2 37. Ke2 Bg3 38. Rf1 Bh4 39. Ke3 e5 40. Ra1 Bxf2+ 41. Kd3 Bh4 42. Rxa5 Bg5 43. Ra6+ Kg7 44. Ra7 Rd2+ 45. Kc4 h5 46. Bd5 h4 47. Rxf7+ Kh6 48. Rf8 Kh5 49. Rh8+ Bh6 50. Be6 h3 51. Bg4+ Kg5 52. Bxh3 Rf2 53. Bg4 Rg2 54. Kxc5 e4 55. fxe4 Rxg4 56. e5 Re4 57. Kd6 Kh5 58. e6 g5 59. e7 g4 60. e8=Q+ Rxe8 61. Rxe8 g3 62. Re2 Kg4 63. Ke5 Bf4+ 64. Ke4 Bd6 65. b4 Bc7 66. c4 Bd6 67. c5 Be7 68. Kd5 Bg5 69. c6 Kf3 70. Rc2 Be3 71. c7 Bf2 72. c8=Q g2 73. Qf5+ 1-0


[Site "https://www.chess.com"]

[Event "Titled Tuesday Blitz March 14 Early 2023"]
[White "ArchibaldCerveza29"]
[Black "Aanan, Shafiuddin"]
[BlackFideId "3242633"]
[WhiteElo "2506"]
[BlackElo "1648"]
[Result "1-0"]
[Round "02"]
[TimeControl "180+2"]
[Date "2023.03.14"]
[WhiteClock "0:01:24"]
[BlackClock "0:00:30"]

1. e4 c5 2. Nf3 d6 3. d4 cxd4 4. Nxd4 Nf6 5. Nc3 a6 6. Rg1 e5 7. Nb3 Be6 8. g4 h6 9. h4 d5 10. exd5 Nxd5 11. Nxd5 Qxd5 12. Be3 Nc6 13. Qxd5 Bxd5 14. O-O-O O-O-O 15. Bb6 Rd7 16. g5 Be6 17. Rxd7 Bxd7 18. Bc4 hxg5 19. hxg5 f6 20. gxf6 gxf6 21. Nc5 Bxc5 22. Bxc5 b5 23. Bd5 Nd4 24. Rg7 Ne6 25. Bxe6 Bxe6 26. Ra7 Rh1+ 27. Kd2 Ra1 28. Rxa6 Kd7 29. a3 Rb1 30. Rd6+ Ke7 31. Rb6+ Kf7 32. Rxb5 f5 33. a4 Ra1 34. Ba3 Rh1 35. Rxe5 1-0


[Site "https://www.chess.com"]

[Event "Titled Tuesday Blitz March 14 Early 2023"]
[White "Bennett, David"]
[Black "Degenbaev, Aziz"]
[WhiteFideId "2028271"]
[BlackFideId "13802640"]
[WhiteElo "2131"]
[BlackElo "2152"]
[Result "1-0"]
[Round "02"]
[TimeControl "180+2"]
[Date "2023.03.14"]
[WhiteClock "0:01:04"]
[BlackClock "0:01:44"]

1. f4 e5 2. fxe5 d6 3. exd6 Bxd6 4. Nf3 g5 5. g3 g4 6. Nh4 Nc6 7. Bg2 Be7 8. Bxc6+ bxc6 9. Ng2 h5 10. d4 Bf5 11. O-O Be4 12. Nc3 Bxg2 13. Kxg2 h4 14. e4 hxg3 15. hxg3 Nf6 16. e5 Nd5 17. Qxg4 Nxc3 18. bxc3 Qd5+ 19. Qf3 Qe6 20. Rh1 O-O 21. Qh5 1-0


[Site "https://www.chess.com"]

[Event "Titled Tuesday Blitz March 14 Early 2023"]
[White "Quispe Santacruz, Javier"]
[Black "Rodchenkov, Sergey D."]
[WhiteFideId "3800920"]
[BlackFideId "4168712"]
[WhiteElo "1875"]
[BlackElo "2277"]
[Result "0-1"]
[Round "02"]
[TimeControl "180+2"]
[Date "2023.03.14"]
[WhiteClock "0:00:32"]
[BlackClock "0:00:32"]

1. d4 Nf6 2. c4 e6 3. Nf3 b6 4. g3 Ba6 5. b3 Bb4+ 6. Bd2 Be7 7. Bg2 O-O 8. Bc3 d5 9. Nbd2 c6 10. Ne5 Nfd7 11. Nxd7 Nxd7 12. O-O Nf6 13. e4 dxe4 14. Nxe4 Nxe4 15. Bxe4 Rc8 16. Qc2 g6 17. Rad1 Bf6 18. h4 h5 19. Bxg6 fxg6 20. Qxg6+ Kh8 21. Qxh5+ Kg7 22. Qg4+ Kh6 23. Qxe6 Qe8 24. Bd2+ Kh7 25. Qf5+ Qg6 26. Qxg6+ Kxg6 27. Be3 Bb7 28. g4 Bxh4 29. f4 Rfe8 30. f5+ Kf7 31. Bf4 Rg8 32. Kg2 Rxg4+ 33. Kf3 Rcg8 34. Rd2 Rxf4+ 35. Kxf4 Bg5+ 36. Ke5 Bxd2 37. d5 cxd5 38. cxd5 Re8+ 39. Kd4 Rd8 0-1


[Site "https://www.chess.com"]

[Event "Titled Tuesday Blitz March 14 Early 2023"]
[White "Martic, Ivan"]
[Black "Bongo Akanga Ndjila, Barthelemy"]
[WhiteFideId "929301"]
[BlackFideId "10609431"]
[WhiteElo "2360"]
[BlackElo "1768"]
[Result "0-1"]
[Round "02"]
[TimeControl "180+2"]
[Date "2023.03.14"]
[WhiteClock "0:01:44"]
[BlackClock "0:01:00"]

1. e4 e6 2. d4 d5 3. exd5 exd5 4. c4 Nf6 5. Nc3 Be7 6. cxd5 Nxd5 7. Bc4 Nb6 8. Bb3 c6 9. Nf3 O-O 10. h3 Bf5 11. O-O N8d7 12. Re1 Nf6 13. Ne5 Rc8 14. Bg5 h6 15. Bh4 Nfd5 16. Bxe7 Nxe7 17. Qe2 Ned5 18. Rad1 Qg5 19. Qf3 Rcd8 20. h4 Qf6 21. Qf4 Nxf4 0-1


[Site "https://www.chess.com"]

[Event "Titled Tuesday Blitz March 14 Early 2023"]
[White "Pham, Le Thao Nguyen"]
[Black "Samarth, J Rao"]
[WhiteFideId "12401226"]
[BlackFideId "46652370"]
[WhiteElo "2282"]
[BlackElo "1564"]
[Result "0-1"]
[Round "02"]
[TimeControl "180+2"]
[Date "2023.03.14"]
[WhiteClock "0:00:01"]
[BlackClock "0:00:16"]

1. Nf3 d6 2. c4 Nf6 3. g3 g6 4. Bg2 Bg7 5. O-O O-O 6. Nc3 e5 7. d3 c5 8. Rb1 Nc6 9. a3 a5 10. Ne1 Ne8 11. Nc2 Nc7 12. b4 axb4 13. axb4 Nd4 14. Ne3 Rb8 15. bxc5 dxc5 16. Ned5 Nxd5 17. Nxd5 Bg4 18. Re1 b5 19. cxb5 Nxb5 20. Bd2 Be6 21. Ne3 Nd4 22. Rxb8 Qxb8 23. Bf1 Qa8 24. Qc1 Nb3 25. Qc2 Rc8 26. Bc3 Nd4 27. Qd2 h5 28. h4 Qc6 29. Qb2 Ra8 30. Rb1 Ra2 31. Qb8+ Kh7 32. Re1 Ra3 33. Bb2 Rb3 34. Qa7 Rxb2 35. Nc4 Bxc4 36. dxc4 Qe4 37. Qxf7 Nxe2+ 38. Bxe2 Rxe2 39. Rf1 Re1 40. Qe6 Rxf1+ 41. Kxf1 Qd3+ 42. Kg2 e4 43. Kg1 Qd4 44. Kg2 Qe5 45. Qf7 Qf5 46. Qe7 Kh6 47. Qe8 Bd4 0-1


[Site "https://www.chess.com"]

[Event "Titled Tuesday Blitz March 14 Early 2023"]
[White "Astafurov, Arseniy"]
[Black "Sailer, Mike"]
[WhiteFideId "24175218"]
[BlackFideId "2012901"]
[WhiteElo "2163"]
[BlackElo "2109"]
[Result "1-0"]
[Round "02"]
[TimeControl "180+2"]
[Date "2023.03.14"]
[WhiteClock "0:00:06"]
[BlackClock "0:00:04"]

1. c4 g6 2. Nc3 Bg7 3. Nf3 d6 4. d4 Nd7 5. g3 e5 6. Bg2 f5 7. Bg5 Ngf6 8. dxe5 dxe5 9. O-O O-O 10. e4 h6 11. Bxf6 Rxf6 12. Nxe5 Rd6 13. Qb3 Rb6 14. Nb5 Nxe5 15. exf5 Bxf5 16. Rad1 Qe7 17. c5+ Be6 18. Bd5 Ra6 19. Nxc7 Qxc7 20. Bxe6+ Kh7 21. Bd5 Qxc5 22. Qxb7 Rd8 23. Qxa6 Rxd5 24. Qe2 Rxd1 25. Rxd1 Qc6 26. f4 Nf3+ 27. Kf2 Bd4+ 28. Rxd4 Nxd4 29. Qe7+ Kg8 30. Qd8+ Kf7 31. Qxd4 Qc2+ 32. Kg1 Qb1+ 33. Kg2 Qxa2 34. h4 h5 35. Qc3 Qa6 36. Kf2 Qb7 37. Qd4 Qb6 38. Ke3 Qb3+ 39. Ke4 Qxg3 40. Qd5+ Kg7 41. Qg5 Qf2 42. Qe7+ Kh6 43. Qg5+ Kg7 44. Qe5+ Kh6 45. Kd5 Qg2+ 46. Ke6 Qc2 47. Qh8# 1-0


[Site "https://www.chess.com"]

[Event "Titled Tuesday Blitz March 14 Early 2023"]
[White "Lorenzo De La Riva, Lazaro"]
[Black "Rom, Jasper"]
[WhiteFideId "2268809"]
[BlackFideId "2023733"]
[WhiteElo "2294"]
[BlackElo "2233"]
[Result "0-1"]
[Round "02"]
[TimeControl "180+2"]
[Date "2023.03.14"]
[WhiteClock "0:00:08"]
[BlackClock "0:00:05"]

1. e4 e6 2. d4 d5 3. Nc3 Nf6 4. e5 Nfd7 5. Qg4 c5 6. Nb5 cxd4 7. f4 h5 8. Qg3 Bb4+ 9. c3 dxc3 10. bxc3 Bf8 11. Nf3 Nc5 12. Nd6+ Bxd6 13. Qxg7 Rf8 14. exd6 Ne4 15. Ba3 Nd7 16. Bd3 Qb6 17. Bxe4 Qe3+ 18. Kd1 dxe4 19. Nd2 Qd3 20. Kc1 b6 21. Qd4 Qxd4 22. cxd4 Bb7 23. Re1 f5 24. Kb2 Rg8 25. g3 h4 26. Re3 hxg3 27. Rxg3 Rh8 28. Rh1 Nf6 29. h4 Nh5 30. Rg5 Bd5 31. Rhg1 Nxf4 32. Rg7 Kd8 33. Rg8+ Kd7 34. Rxa8 Rxa8 35. Rg7+ Kc6 36. Rc7+ Kb5 37. d7 Rd8 38. Be7 Rg8 39. d8=Q Rxd8 40. Bxd8 e3 41. Nb3 e2 42. Rc1 Nd3+ 43. Kc2 Nxc1 44. Kd2 Nxb3+ 45. axb3 Bxb3 46. h5 Bc2 47. h6 f4 48. Bg5 f3 49. Be3 Bh7 50. d5 exd5 51. Bd4 Kc4 52. Bf2 b5 53. Be3 d4 54. Bf2 b4 55. Bxd4 Kxd4 56. Ke1 Bg6 57. Kf2 Kd3 58. h7 Bxh7 59. Ke1 Bg6 60. Kf2 Kd2 61. Kg3 e1=Q+ 62. Kf4 f2 63. Kg3 f1=Q+ 64. Kh2 Qef2# 0-1


[Site "https://www.chess.com"]

[Event "Titled Tuesday Blitz March 14 Early 2023"]
[White "Gireman, Ja"]
[Black "ritanovikova"]
[WhiteFideId "5043794"]
[WhiteElo "2153"]
[BlackElo "2122"]
[Result "1-0"]
[Round "02"]
[TimeControl "180+2"]
[Date "2023.03.14"]
[WhiteClock "0:01:54"]
[BlackClock "0:00:38"]

1. d4 e5 2. dxe5 Nc6 3. Nf3 Qe7 4. e4 Nxe5 5. Nxe5 Qxe5 6. Nc3 Bb4 7. Bd3 d5 8. O-O d4 9. Nd5 Bd6 10. Bf4 Qe6 11. Nxc7+ Bxc7 12. Bxc7 Ne7 13. f4 O-O 14. f5 Qc6 15. Be5 f6 16. Bxd4 Qd7 17. Bc3 Kh8 18. Rf3 Ng8 19. Rh3 Nh6 20. g4 Qf7 21. g5 Nxf5 22. exf5 fxg5 23. Qh5 Bxf5 24. Qxf7 Rxf7 25. Bxf5 Rxf5 26. Rf1 Raf8 27. Rxf5 Rxf5 28. Re3 h6 29. Re7 1-0


[Site "https://www.chess.com"]

[Event "Titled Tuesday Blitz March 14 Early 2023"]
[White "Larina, Maria"]
[Black "Dudzinski, Pawel"]
[WhiteFideId "24113182"]
[BlackFideId "1117890"]
[WhiteElo "1848"]
[BlackElo "2099"]
[Result "1-0"]
[Round "02"]
[TimeControl "180+2"]
[Date "2023.03.14"]
[WhiteClock "0:01:04"]
[BlackClock "0:00:16"]

1. e4 c6 2. d4 d5 3. f3 e6 4. Nc3 Bb4 5. Bd2 Bxc3 6. Bxc3 dxe4 7. Qe2 exf3 8. Nxf3 Nf6 9. O-O-O b6 10. g4 Ba6 11. Qg2 Bxf1 12. Rhxf1 Qd5 13. g5 Ne4 14. Qe2 Nxc3 15. bxc3 Qxa2 16. Ne5 O-O 17. Qh5 Qd5 18. Rxf7 Na6 19. Rdf1 Qd6 20. R1f3 Rxf7 21. Qxf7+ Kh8 22. Ng6+ hxg6 23. Rh3# 1-0


[Site "https://www.chess.com"]

[Event "Titled Tuesday Blitz March 14 Early 2023"]
[White "Allam, Yara"]
[Black "Gajwa Ankit"]
[WhiteFideId "10615709"]
[BlackFideId "5077834"]
[WhiteElo "1758"]
[BlackElo "2145"]
[Result "0-1"]
[Round "02"]
[TimeControl "180+2"]
[Date "2023.03.14"]
[WhiteClock "0:01:27"]
[BlackClock "0:02:00"]

1. e4 c5 2. Nf3 Nc6 3. d4 cxd4 4. Nxd4 Nf6 5. Nc3 g6 6. Be3 Bg7 7. Nxc6 bxc6 8. e5 Nd5 9. Nxd5 cxd5 10. Qxd5 Rb8 11. Bc4 O-O 12. O-O-O Bb7 13. Qd4 Qa5 14. f4 Rfc8 15. Bd2 Qc7 16. Bb3 Bxg2 17. Rhg1 Rxb3 18. Bc3 Rxc3 19. bxc3 Bc6 20. Kd2 d6 0-1


[Site "https://www.chess.com"]

[Event "Titled Tuesday Blitz March 14 Early 2023"]
[White "Talibov, Shiroghlan"]
[Black "So, Wesley"]
[WhiteFideId "13429078"]
[BlackFideId "5202213"]
[WhiteElo "2218"]
[BlackElo "2739"]
[Result "1/2-1/2"]
[Round "03"]
[TimeControl "180+2"]
[Date "2023.03.14"]
[WhiteClock "0:00:08"]
[BlackClock "0:00:16"]

1. e4 e5 2. Nf3 Nc6 3. Bb5 Nf6 4. O-O Nxe4 5. d4 Nd6 6. dxe5 Nxb5 7. a4 d6 8. axb5 Nxe5 9. Re1 Be7 10. Nxe5 dxe5 11. Qxd8+ Kxd8 12. Rxe5 Bd6 13. Re1 Re8 14. Rxe8+ Kxe8 15. Be3 b6 16. Nd2 Bf5 17. c3 Bd3 18. c4 Kd7 19. f3 Re8 20. Kf2 Bxh2 21. Ra3 Bg6 22. f4 Bh5 23. Nf1 Rxe3 24. Kxe3 Bg1+ 25. Kd2 Bc5 26. Rxa7 Bg4 27. Ne3 Be6 28. b3 g6 29. Kd3 h5 30. Nd5 Bxd5 31. cxd5 Bd6 32. Ke4 Ke7 33. f5 g5 34. Ra8 Kf6 35. Rh8 h4 36. Re8 Bg3 37. Ra8 Bd6 38. Re8 Bg3 39. Ra8 Bh2 40. Rh8 Kg7 41. Re8 Kf6 42. Rh8 Bg3 43. Rh7 Bd6 44. Rh8 Kg7 45. Ra8 Kh7 46. Kf3 Kg7 47. Kg4 Kf6 48. Re8 Bg3 49. Re4 Bd6 50. Re2 Bf4 51. Re4 Bd6 52. Re2 Bg3 53. Re4 Bd6 1/2-1/2


[Site "https://www.chess.com"]